 Dungeon Crawl Stone Soup version 0.20.1-1-g8b1a95d (webtiles) character file.

823 vatarom the Insei (level 7, -1/46 HPs)
             Began as an Octopode Transmuter on Sept 20, 2017.
             Was an Initiate of Ru.
             Killed from afar by Blork the orc (4 damage)
             ... with a magic dart
             ... on level 5 of the Dungeon.
             The game lasted 00:10:56 (4906 turns).

vatarom the Insei (Octopode Transmuter)             Turns: 4906, Time: 00:10:57

Health: -1/46      AC:  1    Str: 10    XL:     7   Next: 96%
Magic:  10/10      EV: 15    Int: 16    God:    Ru [......]
Gold:   271        SH:  0    Dex: 17    Spells: 0/10 levels left

rFire    . . .     SeeInvis .   d - +2 whip (distort)
rCold    . . .     Gourm    .   (no shield)
rNeg     . . .     Faith    .   (helmet restricted)
rPois    +         Spirit   .   (no amulet)
rElec    .         Reflect  .   r - ring of stealth
rCorr    .         Harm     .   k - ring of poison resistance
MR       .....                  p - +4 ring of dexterity
Stlth    +++++.....             (no ring)
Regen    0.2/turn               (no ring)
MPRegen  0.2/turn               (no ring)
                                (no ring)
                                (no ring)

@: no status effects
A: almost no armour, stealthy swim, amphibious, 8 rings, constrict 8, camouflage
1, gelatinous body 1
a: Renounce Religion


You were on level 5 of the Dungeon.
You worshipped Ru.
Ru was noncommittal.
You were not hungry.

You visited 2 branches of the dungeon, and saw 6 of its levels.

You collected 271 gold pieces.

Inventory:

Hand Weapons
 d - a +2 whip of distortion (weapon)
Missiles
 a - 29 arrows
Jewellery
 k - a ring of poison resistance (right tentacle)
 p - a +4 ring of dexterity (on tentacle)
 r - a ring of stealth (left tentacle)
Scrolls
 h - 3 scrolls of teleportation
 i - 2 scrolls of enchant armour
 m - a scroll of recharging
 o - a scroll of remove curse
Potions
 e - 3 potions of haste
 g - a potion of curing
 j - a potion of heal wounds
 q - a potion of flight {unknown}
 s - a potion of resistance {unknown}
 t - a potion of mutation {unknown}
 u - 2 potions of experience {unknown}
Books
 b - a book of Changes

   Spells                             Type                      Level
   a - Beastly Appendage              Transmutation                1
   b - Sticks to Snakes               Transmutation                2
   c - Spider Form                    Transmutation/Poison         3
   d - Ice Form                       Ice/Transmutation            4
   e - Blade Hands                    Transmutation                5
Comestibles
 c - 3 bread rations
 f - a royal jelly
 n - 2 meat rations


   Skills:
 + Level 3.4 Fighting
 + Level 4.0 Dodging
 + Level 4.1 Stealth
 * Level 5.6 Unarmed Combat
 - Level 2.2 Spellcasting
 + Level 4.3 Transmutations


You couldn't memorise any spells.
You knew the following spells:

 Your Spells              Type           Power        Failure   Level  Hunger
a - Beastly Appendage     Tmut           ###...       3%          1    #......
b - Sticks to Snakes      Tmut           ###.....     4%          2    ###....
c - Spider Form           Tmut/Pois      #.........   26%         3    ###....
d - Ice Form              Ice/Tmut       #.......     63%         4    #####..


Dungeon Overview and Level Annotations

Branches:
Dungeon (5/15)             Temple (1/1) D:4

Altars:
Ashenzari
Cheibriados
Dithmenos
Elyvilon
Fedhas
Gozag
Hepliaklqana
Makhleb
Nemelex Xobeh
Okawaru
Qazlal
Ru
Sif Muna
Trog
Uskayaw
Vehumet
Xom
Yredelemnul
Zin
The Shining One

Annotations:
D:3 NorthaanB's ghost, amateur MfIE
D:5 Blork the orc


Innate Abilities, Weirdness & Mutations

You cannot wear most types of armour.
You are very stealthy in the water. (Stealth+)
You are amphibious.
You can wear up to eight rings at the same time.
You can use your tentacles to constrict eight enemies at once.
Your skin changes colour to match your surroundings (Stealth+).
Your rubbery body absorbs attacks. (AC +1, EV +1)


Message History

Your grab misses the hound.
The hound is heavily wounded.
Blork the orc misses you. The hound barely misses you. x2
Blork the orc hits you from afar with a glaive of venom!
Unknown command.
You hit the hound. You grab the hound.
The hound is heavily wounded.
The hound disappears!
You lose your grip on the hound.
Blork the orc misses you.
Blork the orc gestures at you while chanting.
The magic dart hits you!
Blork the orc screams, "I don't like you!"
Blork the orc gestures at you while chanting.
The puff of flame hits you!
Blork the orc gestures at you while chanting.
The puff of frost hits you!
* * * LOW HITPOINT WARNING * * *
Blork the orc gestures at you while chanting.
The magic dart hits you!
You die...

#.# ####.#######
#.#### #.#
#..........# #.#
#.###..........# #.#
#.##...........# #.#
##.##...........###.#
#...................#
######..........#####
#..........#
#.@........#
#..........#
##.######### #o# ###
#.# ...# #.####...###
#..†........
####........
#........


You could see Blork the orc.

Vanquished Creatures
  The ghost of ThereIsNoGod the Ruffian, a novice TrFi (D:5)
  An ice beast (D:5)
  A howler monkey (D:5)
  2 crimson imps (D:5)
  A bullfrog zombie (D:5)
  A hound (D:2)
  A centaur zombie (D:5)
  A bullfrog skeleton (D:5)
  6 adders
  An adder skeleton (D:5)
  2 worms (D:2)
  2 dart slugs
  3 leopard geckos
  6 orcs
  12 bats
  2 giant cockroaches
  9 goblins
  4 hobgoblins (D:1)
  8 jackals
  8 kobolds
  A quokka (D:2)
  A ball python (D:4)
  4 frilled lizards
  8 rats
86 creatures vanquished.

Vanquished Creatures (others)
  A worker ant (D:5)
  A worm (D:2)
  A leopard gecko (D:2)
  2 orcs
  A jackal (D:3)
  A quokka (D:3)
  A bat (D:2)
8 creatures vanquished.

Grand Total: 94 creatures vanquished

Notes
Turn   | Place    | Note
-------+----------+-------------------------------------------
     0 | D:1      | vatarom the Octopode Transmuter began the quest for the Orb.
     0 | D:1      | Reached XP level 1. HP: 13/13 MP: 3/3
   166 | D:1      | Reached XP level 2. HP: 17/18 MP: 5/5
   841 | D:1      | Reached XP level 3. HP: 20/23 MP: 6/6
   846 | D:1      | Learned a level 2 spell: Sticks to Snakes
   850 | D:1      | Learned a level 3 spell: Spider Form
  1649 | D:2      | Reached skill level 1 in Stealth
  1765 | D:2      | Found a faded altar of an unknown god.
  1816 | D:2      | Reached XP level 4. HP: 28/28 MP: 7/7
  1827 | D:2      | Found a shattered altar of Ashenzari.
  1906 | D:2      | Found a burning altar of Makhleb.
  2066 | D:2      | Reached XP level 5. HP: 21/34 MP: 8/8
  2223 | D:3      | Found a white marble altar of Elyvilon.
  2264 | D:3      | Noticed NorthaanB's ghost (amateur MfIE)
  3352 | D:3      | Reached skill level 4 in Unarmed Combat
  3598 | D:4      | Found a staircase to the Ecumenical Temple.
  3609 | Temple   | Entered the Ecumenical Temple
  3658 | Temple   | Became a worshipper of Ru the Awakened
  4033 | D:4      | Found a deep blue altar of Sif Muna.
  4033 | D:4      | Found a blossoming altar of Fedhas.
  4035 | D:4      | Found an opulent altar of Gozag.
  4035 | D:4      | Found a shadowy altar of Dithmenos.
  4036 | D:4      | Found a shimmering altar of Xom.
  4036 | D:4      | Found a radiant altar of Vehumet.
  4036 | D:4      | Found an iron altar of Okawaru.
  4036 | D:4      | Found a glowing golden altar of the Shining One.
  4235 | D:5      | Entered Level 5 of the Dungeon
  4283 | D:5      | Noticed Blork the orc
  4336 | D:5      | Noticed an ice beast
  4341 | D:5      | Reached XP level 6. HP: 35/41 MP: 9/9
  4501 | D:5      | Noticed ThereIsNoGod's ghost (novice TrFi)
  4546 | D:5      | Killed ThereIsNoGod's ghost
  4546 | D:5      | Reached skill level 5 in Unarmed Combat
  4546 | D:5      | Reached XP level 7. HP: 46/46 MP: 10/10
  4606 | D:5      | Learned a level 4 spell: Ice Form
  4906 | D:5      | Killed from afar by Blork the orc

Skill      XL: |  1  2  3  4  5  6  7 |
---------------+----------------------+-----
Stealth        | 1 2 3 4 |  4.1
Transmutations | 3 4 |  4.3
Fighting       | 2 3 |  3.4
Unarmed Combat | 4 5 |  5.6
Dodging        | 3 4 |  4.0
Spellcasting   | |  2.2

Action                   |  1- 3 |  4- 6 |  7- 9 || total
-------------------------+-------+-------+-------++-------
Melee: Unarmed           |    59 |       |       ||    59
       Constrict         |    20 |    30 |     6 ||    56
       Tentacles         |    13 |    12 |     4 ||    29
       Kick              |     4 |       |       ||     4
       Whip              |    25 |   125 |    29 ||   179
       Punch             |       |       |     1 ||     1
 Cast: Beastly Appendage |     5 |       |       ||     5
       Sticks to Snakes  |     2 |       |     3 ||     5
       Spider Form       |     1 |       |       ||     1
  Use: Scroll            |     7 |     8 |     1 ||    16
       Potion            |     1 |     5 |       ||     6
 Stab: Sleeping          |     5 |    10 |     1 ||    16
       Distracted        |     1 |     2 |       ||     3
  Eat: Chunk             |     3 |     3 |       ||     6
       Bread ration      |       |     2 |       ||     2
Armor: Skin              |    15 |    14 |       ||    29
Dodge: Dodged            |    57 |    68 |    18 ||   143
